 Dungeon Crawl Stone Soup version 0.30-a0-639-g3916f1956a (webtiles) character file.

Game seed: 6179132261884967244

672 bande the Chopper (level 7, -1/44 HPs)
             Began as a Gargoyle Fighter on Jan 15, 2023.
             Was an Initiate of Okawaru.
             Killed by divine providence
             ... invoked by an orc priest
              (12 damage)
             ... on level 5 of the Dungeon.
             The game lasted 00:06:21 (3598 turns).

bande the Chopper (Gargoyle Fighter)                Turns: 3598, Time: 00:06:22

Health: -1/44      AC: 16    Str: 20    XL:     7   Next: 58%
Magic:  8/8        EV:  7    Int:  8    God:    Okawaru [......]
Gold:   174        SH:  4    Dex: 11    Spells: 6/6 levels left

rFire   + . .      SeeInvis .    a - +1 war axe
rCold   + . .      Faith    .    c - +0 buckler
rNeg    + . .      Spirit   .    f - +0 chain mail
rPois   ∞          Reflect  .    r - +1 helmet
rElec   +          Harm     .    w - scarf {rC+ rF+}
rCorr   .          Rampage  .    (no gloves)
Will    .....                    (no boots) Stlth
                                 (no amulet)
HPRegen 0.27/turn                (no ring)
MPRegen 0.11/turn                (no ring)

@: no status effects
A: sickness immunity, AC +4, negative energy resistance 1, electricity
resistance, torment resistance 1, petrification resistance
a: Renounce Religion


You were on level 5 of the Dungeon.
You worshipped Okawaru.
Okawaru was noncommittal.
You visited 2 branches of the dungeon, and saw 6 of its levels.

You collected 174 gold pieces.

Inventory:

Hand Weapons
 a - a +1 war axe (weapon)
 u - a +0 flail
Armour
 c - a +0 buckler (worn)
 f - a +0 chain mail (worn)
 r - a +1 helmet (worn)
 w - a scarf of resistance (worn)
Jewellery
 m - a ring of wizardry
Wands
 v - a wand of flame (8)
Scrolls
 p - 2 scrolls of amnesia
Potions
 b - a potion of invisibility
 d - 3 potions of might
 i - a potion of heal wounds
 j - 3 potions of haste
 l - a potion of mutation
 o - a potion of brilliance
 q - a potion of magic


   Skills:
 + Level 4.8 Fighting
 + Level 5.4 Axes
 + Level 4.9 Armour
 + Level 4.1 Shields
 * Level 1.6 Invocations
 * Level 1.0 Evocations


You had 6 spell levels left.
You didn't know any spells.
Your spell library contained the following spells:

 Spells                   Type           Power      Damage    Failure   Level
 Lesser Beckoning         Tloc           0%         N/A       100%        2
 Gell's Gravitas          Tloc           0%         N/A       100%        3
 Ignite Poison            Fire/Tmut/Pois 0%         N/A       100%        3
 Kindle Blastsparks       Fire/Tloc/Air  0%         2d10      100%        3
 Teleport Other           Tloc           0%         N/A       100%        3
 Freezing Cloud           Conj/Ice/Air   0%         6-21      100%        5


Dungeon Overview and Level Annotations

Branches:
Dungeon (5/15)             Temple (1/1) D:4

Altars:
Ashenzari
Cheibriados
Dithmenos
Elyvilon
Fedhas
Hepliaklqana
Kikubaaqudgha
Okawaru
Qazlal
Ru
Sif Muna
Trog
Uskayaw
Vehumet
Xom
Yredelemnul


Innate Abilities, Weirdness & Mutations

You are immune to sickness and miasma.
Your stone body is resilient. (AC +4)
You are immune to poison.
You resist negative energy. (rN+)
You are resistant to electric shocks. (rElec)
You are resistant to unholy torment.
You are immune to petrification.


Message History

An orc priest comes into view. It is wielding a +0 hand axe.
You hear some strange, mumbled words.
Something tries to affect you, but you resist.
The hound bites you.
You see here a +0 club.
You hit the hound.
The hound is lightly wounded.
You miss something. The hound bites you but does no damage.
Something hits you but does no damage. The hound bites you but does no damage.
Something hits you but does no damage.
The orc priest invokes the aid of Beogh against you.
Beogh smites you!
You miss the hound.
The hound is lightly wounded.
You closely miss something. The hound bites you but does no damage.
The orc priest looks encouraged for a moment.
Something hits you. The hound barely misses you.
You hit the hound.
The hound is moderately wounded.
You closely miss something. The hound barely misses you.
You hear some strange, mumbled words.
A puff of flame appears from out of thin air!
The puff of flame hits you but does no damage.
You slash the hound!
You kill the hound!
Okawaru accepts your kill.
You hit something. You closely miss the orc priest.
Something hits you but does no damage. The orc priest barely misses you.
Your Evocations skill increases to level 1!
The orc priest calls down the wrath of Beogh upon you.
Beogh smites you!
* * * LOW HITPOINT WARNING * * *
Something hits you but does no damage.
Unknown command.
The orc priest hits you but does no damage.
You barely miss something. You barely miss the orc priest.
Something hits you but does no damage.
The orc priest mumbles some strange prayers to Beogh against you.
Beogh smites you!
You die...

#+# #.# #.#
##.## ##...##
#.....#
#.@..######
......#.o.......
..... #)..#####
#### #.#.#
########...#
#.^_.^##.###
##^..###.#
#.^^^^##.#
##^..###<#


You could see an orc priest.

Vanquished Creatures
  Grinder (D:5)
  Blork the orc (D:4)
  A scorpion (D:4)
  A howler monkey (D:4)
  4 hounds
  Jessica (D:2)
  An orc wizard (D:4)
  5 adders
  2 dart slugs (D:4)
  14 orcs
  8 ball pythons
  5 endoplasms
  4 giant cockroaches
  8 goblins
  6 hobgoblins
  4 quokkas
  2 bats (D:1)
  3 frilled lizards
  4 kobolds
  4 rats
  A spectral orc (D:5)
80 creatures vanquished.

Vanquished Creatures (others)
  16 plants
16 creatures vanquished.

Grand Total: 96 creatures vanquished

Notes
Turn   | Place    | Note
-------+----------+-------------------------------------------
     0 | D:1      | bande the Gargoyle Fighter began the quest for the Orb.
     0 | D:1      | Reached XP level 1. HP: 14/14 MP: 1/1
   311 | D:1      | Reached XP level 2. HP: 19/19 MP: 2/2
   312 | D:1      | Reached skill level 2 in Axes
  1194 | D:2      | Found a faded altar of an unknown god.
  1218 | D:2      | Reached XP level 3. HP: 13/24 MP: 3/3
  1557 | D:2      | Identified the +1 ring mail of Disaster {rElec Int+2 Dex+7}
  1597 | D:2      | Noticed Jessica
  1614 | D:2      | Killed Jessica
  1615 | D:2      | Reached XP level 4. HP: 19/29 MP: 4/4
  1811 | D:2      | Reached skill level 3 in Axes
  2223 | D:3      | Found a hazy altar of Hepliaklqana.
  2372 | D:4      | Noticed a scorpion
  2388 | D:4      | Reached XP level 5. HP: 26/33 MP: 5/5
  2484 | D:4      | Reached skill level 4 in Axes
  2521 | D:4      | Found a shimmering blue altar of Sif Muna.
  2605 | D:4      | Reached XP level 6. HP: 38/38 MP: 6/6
  2607 | D:4      | Found a staircase to the Ecumenical Temple.
  2617 | Temple   | Entered the Ecumenical Temple
  2895 | D:4      | Noticed Blork the orc
  2912 | D:4      | Killed Blork the orc
  3284 | D:4      | Found an iron altar of Okawaru.
  3284 | D:4      | Found a bloodstained altar of Trog.
  3298 | D:4      | Became a worshipper of Warmaster Okawaru
  3326 | D:5      | Entered Level 5 of the Dungeon
  3334 | D:5      | Reached XP level 7. HP: 44/44 MP: 7/7
  3394 | D:5      | Noticed Grinder
  3398 | D:5      | Paralysed by Grinder for 2 turns
  3412 | D:5      | Killed Grinder
  3413 | D:5      | Reached skill level 5 in Axes
  3413 | D:5      | Reached skill level 1 in Invocations
  3557 | D:5      | Found a basalt altar of Yredelemnul.
  3596 | D:5      | Reached skill level 1 in Evocations
  3598 | D:5      | Killed from afar by an orc priest

Illustrated notes

Levels and vault maps discovered:
D:1:      roderic_crop_circles_arrival_small, layout_loops_corners, st_stairs_5
D:2:      layout_loops_cross, ebering_ecumenical_altar_hall, minmay_tromino_v7,
          uniq_jessica
D:3:      layout_rooms, nicolae_hepliaklqana_hazy_memory,
          minmay_misc_feat_encased
D:4:      layout_cave_pools, grunt_temple_overflow_bloody_war,
          mainiacjoe_overflow_chevrons, minmay_temple_entry_junction,
          uniq_blork_the_orc
D:5:      layout_loops_corners, yredelemnul_forgotten_temple_becter,
          uniq_grinder, uniq_pikel
Temple:   minmay_temple_curvy_loop

Skill      XL: |  1  2  3  4  5  6  7 |
---------------+----------------------+-----
Axes           | 2 3 4 5 |  5.4
Armour         | 4 |  4.9
Fighting       | 4 |  4.8
Shields        | 4 |  4.1
Invocations    | 1 |  1.6
Evocations     | 1 |  1.0

Action                   |  1- 3 |  4- 6 |  7- 9 || total
-------------------------+-------+-------+-------++-------
Melee: War axe           |    83 |   133 |    28 ||   244
  Use: Scroll            |       |    16 |       ||    16
Armor: Chain mail        |    58 |    99 |    23 ||   180
       Scale mail        |     4 |       |       ||     4
Dodge: Dodged            |    47 |    44 |    10 ||   101
Block: Buckler           |    26 |    30 |     1 ||    57

Table legend: (Time is in decaauts)
 A = Elapsed time spent in this place.
 B = Non-inter-level travel time spent in this place.
 C = Inter-level travel time spent in this place.
 D = Time resting spent in this place.
 E = Time spent auto-exploring this place.
 F = Levels seen in this place.
 G = Mean time per level.
                   A        B        C        D        E       F      G
               +--------+--------+--------+--------+--------+-----+--------+
         Total |   3693 |   3497 |    196 |    141 |   2639 |   6 |  615.5 |
       Dungeon |   3470 |   3274 |    196 |    141 |   2453 |   5 |  694.0 |
        Temple |    222 |    222 |      0 |      0 |    186 |   1 |  222.0 |
               +--------+--------+--------+--------+--------+-----+--------+

Top non-repeatable levels by time:
     D:1: 1093 daAuts
     D:2: 834 daAuts
     D:4: 792 daAuts
     D:3: 470 daAuts
     D:5: 280 daAuts
  Temple: 222 daAuts
